 Dungeon Crawl Stone Soup version 0.20.1-1-g8b1a95d (webtiles) character file.

319374 Piramida the Bludgeoner (level 20, -2/189 HPs)
             Began as a Minotaur Berserker on Nov 11, 2017.
             Was the Champion of Trog.
             Killed from afar by a fire dragon (67 damage)
             ... with a blast of flame
             ... on level 1 of the Vaults.
             The game lasted 03:28:57 (70051 turns).

Piramida the Bludgeoner (Minotaur Berserker)       Turns: 70051, Time: 03:28:59

Health: -2/189     AC: 39    Str: 29      XL:     20   Next: 60%
Magic:  23/23      EV: 20    Int:  1 (2)  God:    Trog [******]
Gold:   3936       SH: 18    Dex: 27      Spells: 19/19 levels left

rFire    x . .     SeeInvis +   b - +8 hand axe "Murmur" {elec, rElec rF- MR++ Dex+4}
rCold    + + .     Gourm    .   K - +1 shield {reflect}
rNeg     . . .     Faith    .   l - +2 crystal plate armour {rC+}
rPois    +         Spirit   .   (helmet restricted)
rElec    +         Reflect  +   B - +2 cloak
rCorr    .         Harm     .   H - +2 pair of gloves {archery}
MR       ++++.     Rnd*Rage +   Z - +2 pair of boots Stlth ..........Rnd*Tele +
                                e - amulet "Noppo" {RegenMP *Slow Str+2 Dex+9}
Regen    0.5/turn               u - ring of see invisible
MPRegen  0.3/turn               I - ring "Nudaem" {rPois MR+}

@: berserk cooldown, slowed, lost intelligence, drained, very slow
A: retaliatory headbutt, horns 2, berserk 1, blurry vision 1, cold resistance 1,
dopey 1, teleportitis 1
}: 2/15 runes: decaying, gossamer
a: Berserk, Trog's Hand, Brothers in Arms, Burn Spellbooks, Renounce Religion


You were on level 1 of the Vaults.
You worshipped Trog.
Trog was exalted by your worship.
You were not hungry.

You visited 8 branches of the dungeon, and saw 38 of its levels.
You also visited: Ossuary and Ice Cave.

You collected 4797 gold pieces.
You spent 861 gold pieces at shops.

Inventory:

Hand Weapons
 b - the +8 hand axe "Murmur" (weapon) {elec, rElec rF- MR++ Dex+4}
   (You found it on level 3 of the Swamp)

   Occasionally, upon striking a foe, it will discharge some electrical energy
   and cause terrible harm.
   It affects your dexterity (+4).
   It makes you vulnerable to fire.
   It insulates you from electricity.
   It affects your resistance to hostile enchantments.
 o - a +6 club of electrocution
 p - a +4 demon whip of flaming
 F - a +4 demon whip of draining
 G - the +5 morningstar "Xaleig" {venom, +Fly Str+2 SInv}
   (Trog gifted it to you on level 2 of the Spider Nest)

   It poisons the flesh of those it strikes.
   It affects your strength (+2).
   It lets you see invisible.
   It lets you fly.
Missiles
 T - 3 javelins of returning (quivered)
Armour
 i - a +0 pair of gloves of strength
 l - a +2 crystal plate armour of cold resistance (worn)
 B - a +2 cloak (worn)
 H - a +2 pair of gloves of archery (worn)
 K - a +1 shield of reflection (worn)
 V - a +0 cloak of cold resistance
 Z - a +2 pair of boots (worn)
Jewellery
 e - the amulet "Noppo" (around neck) {RegenMP *Slow Str+2 Dex+9}
   (You acquired it on level 3 of the Spider Nest)

   [amulet of magic regeneration]

   It increases your magic regeneration.
   It affects your strength (+2).
   It affects your dexterity (+9).
   It may slow you when you take damage.
 g - the ring "Gullaux" {rElec Str+5}
   (You acquired it on level 1 of the Spider Nest)

   [ring of strength]

   It affects your strength (+5).
   It insulates you from electricity.
 m - an uncursed ring of protection from magic
 q - an uncursed amulet of the gourmand
 u - a ring of see invisible (left hand)
 v - an uncursed ring of protection from cold
 y - a +4 ring of evasion
 E - a cursed -3 ring of slaying {unknown}
 I - the ring "Nudaem" (right hand) {rPois MR+}
   (You found it on level 2 of the Orcish Mines)

   [ring of protection from magic]

   It protects you from poison.
   It affects your resistance to hostile enchantments.
 J - the ring of Firoopp {*Corrode rC+ rN+ MP+9 Int+3}
   (You acquired it on level 4 of the Lair of Beasts)

   [ring of magical power]

   It affects your intelligence (+3).
   It protects you from cold.
   It protects you from negative energy.
   It affects your magic capacity (+9).
   It may corrode you when you take damage.
 P - an uncursed ring of protection from fire
 Q - an uncursed ring of positive energy {unknown}
 S - an uncursed ring of stealth {unknown}
 W - an uncursed ring of protection from cold
Wands
 n - a wand of digging (24/24)
 s - a wand of digging (16/24)
 w - a wand of lightning (13/15)
 O - a wand of disintegration (24/24)
Scrolls
 f - 11 scrolls of remove curse
 r - 2 scrolls of fog
 x - 8 scrolls of teleportation
 M - 2 scrolls of silence
 U - 3 scrolls of blinking
 X - a scroll of identify
 Y - 4 scrolls of brand weapon
Potions
 a - 12 potions of curing
 d - a potion of cancellation
 j - 6 potions of agility
 t - 6 potions of ambrosia
 z - 3 potions of invisibility
 A - 6 potions of lignification
 C - a potion of resistance
 D - 6 potions of flight
 L - a potion of haste
 N - 3 potions of might
 R - a potion of heal wounds
Comestibles
 c - 17 bread rations
 h - 15 meat rations
 k - 15 royal jellies


   Skills:
 + Level 18.7(18.4) Fighting
 + Level 12.1(17.0) Axes
 - Level 20.0(20.6) Maces & Flails
 + Level 18.6(18.3) Armour
 + Level 17.4(17.1) Dodging
 + Level 17.1(16.7) Shields
 - Level 6.0(5.8) Evocations


You had 19 spell levels left.
You didn't know any spells.

Dungeon Overview and Level Annotations

Branches:
Dungeon (15/15)            Temple (0/1) D:5            Lair (6/6) D:9
  Swamp (4/4) Lair:4       Spider (4/4) Lair:4        Slime (3/5) Lair:5
    Orc (2/2) D:11            Elf (3/3) Orc:2        Vaults (1/5) D:13
 Depths (0/5) D:15

Altars:
Ashenzari
Dithmenos
Fedhas
Kikubaaqudgha
Okawaru
Ru
Sif Muna
Trog
Yredelemnul
The Shining One
Beogh

Shops:
D:4 [   D:5 !   D:11 (((   Orc:2 [[(%   Vaults:1 (

Portals:
Trove: Elf:1 (give +3 fire dragon scales)

Annotations:
Lair:6 exclusion: oklob plant


Innate Abilities, Weirdness & Mutations

You reflexively headbutt those who attack you in melee.
You have a pair of horns on your head.
You tend to lose your temper in combat.
Scrolls take you a little longer to read.
Your flesh is cold resistant. (rC+)
You are dopey. (Int -2)
You are occasionally teleported next to monsters.


Message History

The blast of flame hits you! The fire burns you terribly!
* * * LOW HITPOINT WARNING * * *
You block the slime creature's attack. You block the fire dragon's attack.
The fire dragon closely misses you.
The fire dragon tramples you but does no damage.
You feel much better.
The orc knight no longer looks unusually strong.
You block the slime creature's attack.
The vault warden hits you but does no damage.
You feel drained. The fire dragon closely misses you. You furiously retaliate!
You headbutt the fire dragon!! You block the fire dragon's attack. x2
The slime creature misses you.
Really read with blurry vision while enemies are nearby?
The orc no longer looks unusually strong.
You block the vault warden's attack.
The ogre mage gestures wildly while chanting.
The ogre mage blinks!
The fire dragon breathes flames at you. The blast of flame hits you!
The fire burns you terribly!
You die... #..8..8....# ......(+ #....8.8...# ......+ ####.....8....# ..o...## .....8........###### ..o...# ..........##..##...##.o....# .............###....##....# ..........#### #C....#oo§##. ..........# #pJoeD)Ooo+..

..........# #@Dp..#.o.+
#######'### #######+#####
#..###...# ##......)## #..'.#...#
##...###...## ########
#..#'##'####....# #....###......#
####..'.###.....###.....##......#
#.#..####......(........#......#
###'#'#..#...............#......#
#...#.'..#.###..###..###.#......#


You could see a fire giant, a fire dragon, 2 vault wardens, an orc knight, a
slime creature, an ogre mage, a deep elf archer, an orc warrior, an acid dragon,
an orc priest and an orc.

Vanquished Creatures
  Saint Roka (Vaults:1)
  Arachne (Spider:2)
  2 Ice Fiends (IceCv)
  A deep elf blademaster (Elf:3)
  Frances (Swamp:1)
  2 acid blobs
  A thorn hunter (Swamp:1)
  Roxanne (Swamp:1)
  Donald (Elf:1)
  An azure jelly (Slime:1)
  2 vault wardens (Vaults:1)
  2 deep elf sorcerers (Elf:3)
  3 ghost moths
  An orc warlord (Orc:1)
  Aizul (Spider:4)
  3 deep elf elementalists
  8 emperor scorpions
  A stone giant (Vaults:1)
  5 entropy weavers
  2 ironheart preservers (Vaults:1)
  A dire elephant (Lair:6)
  7 deep elf demonologists
  A spark wasp (Spider:4)
  4 deep elf annihilators
  2 deep elf death magi
  An ettin (Orc:1)
  4 fire dragons
  A great orb of eyes (shapeshifter) (D:15)
  Fannar (Lair:3)
  3 deep elf high priests (Elf:3)
  2 rakshasas (D:15)
  7 vault guards
  21 hydras
  2 great orbs of eyes
  5 ghost crabs
  2 catoblepae
  An ice dragon (Vaults:1)
  The ghost of ghwc the Basher, a novice MiBe of Trog (D:9)
  3 centaur warriors
  The ghost of ThereIsNoGod the Grappler, a novice TrFi of Okawaru (D:10)
  A two-headed ogre (shapeshifter) (Elf:1)
  30 dancing weapons
  A queen ant (Spider:1)
  10 two-headed ogres
  A deep troll shaman (Vaults:1)
  2 tengu warriors
  6 orc high priests
  11 alligators
  Sonja (Lair:3)
  15 deep elf knights
  2 fire crabs (Swamp:4)
  A shadow wraith (Vaults:1)
  6 skeletal warriors
  6 unseen horrors
  An unseen horror (shapeshifter) (D:15)
  11 swamp dragons
  4 spriggan druids
  A wizard (Vaults:1)
  3 deep trolls (Vaults:1)
  A glowing orange brain (D:15)
  18 deep elf archers
  2 shambling mangroves
  5 lindwurms (Lair:6)
  An ironbrand convoker (Vaults:1)
  The ghost of StylePro the Covert, a novice SpAs of Dithmenos (D:8)
  28 wolf spiders
  6 orc knights
  A shining eye (shapeshifter) (Vaults:1)
  15 orb spiders
  6 ugly things
  4 orc sorcerers
  5 cyclopes
  4 manticores
  58 deep elf magi
  3 shining eyes
  A manticore (shapeshifter) (Vaults:1)
  9 elephants (Lair:6)
  2 ice statues (IceCv)
  A centaur zombie (D:10)
  2 moths of wrath (Spider:4)
  2 vault sentinels (Vaults:1)
  An eye of devastation (Slime:1)
  25 spiny frogs
  A guardian serpent (shapeshifter) (D:15)
  6 torpor snails
  5 black mambas
  A molten gargoyle (Swamp:4)
  The ghost of Linguinho the Shield-Bearer, a novice DsFi of Cheibriados (D:6)
  3 centaur skeletons
  2 gargoyles
  A spiny frog (shapeshifter) (Elf:3)
  4 rime drakes
  10 komodo dragons
  3 kobold demonologists
  7 yaktaurs (Vaults:1)
  A freezing wraith (Vaults:1)
  A yaktaur (shapeshifter) (Vaults:1)
  16 demonic crawlers
  A komodo dragon (shapeshifter) (Elf:1)
  12 ice devils (IceCv)
  3 meliai
  10 trolls
  2 polar bears (shapeshifter)
  31 jumping spiders
  A queen bee (D:13)
  2 polar bears
  Prince Ribbit (Lair:3)
  39 blink frogs
  44 slime creatures
  8 tyrant leeches
  A raiju (shapeshifter) (D:13)
  23 hornets
  A harpy skeleton (D:14)
  6 bog bodies
  7 hippogriffs
  3 air elementals
  21 tarantellas
  4 spriggans
  A water elemental (Elf:3)
  68 redbacks
  A spriggan (shapeshifter) (Elf:2)
  3 wyverns
  57 yaks
  3 vampires
  A shadow (Swamp:1)
  4 fire elementals
  2 wraiths
  3 fire bats (Swamp:4)
  2 golden eyes (Slime:2)
  4 basilisks
  A human (D:7)
  2 steam dragons (Swamp:4)
  3 hogs (D:7)
  24 vampire mosquitoes
  25 soldier ants
  A naga (shapeshifter) (D:11)
  6 insubstantial wisps (Swamp:1)
  5 wargs
  28 swamp worms
  17 water moccasins
  10 porcupines
  44 orc warriors
  8 swamp drakes
  4 ice beasts
  2 hornet zombies (D:9)
  6 sky beasts
  4 black bears
  3 eyes of draining
  7 necrophages
  A tengu (shapeshifter) (Elf:2)
  10 boggarts
  37 ogres
  3 phantoms
  7 wolves
  9 centaurs
  15 crocodiles
  Blork the orc (D:5)
  4 big kobolds
  18 bullfrogs
  An elf skeleton (D:7)
  3 gnoll sergeants
  4 water moccasin zombies
  A wyvern skeleton (D:10)
  4 scorpions
  17 killer bees
  9 howler monkeys
  9 wights
  5 electric eels
  3 bullfrog zombies
  6 crimson imps
  2 human zombies (D:7)
  2 quasits
  A bullfrog skeleton (D:6)
  3 hounds
  4 jellies
  37 orc priests
  Terence (D:2)
  Jessica (D:3)
  An iguana (D:13)
  Ijyb (D:3)
  39 orc wizards
  26 worker ants
  A killer bee zombie (D:9)
  3 big kobold zombies (Ossuary)
  An ogre skeleton (D:7)
  3 hound zombies
  5 mummies
  A worker ant zombie (D:9)
  7 adders
  A gnoll (D:11)
  5 shadow imps
  9 white imps (IceCv)
  6 ufetubi (IceCv)
  2 oozes
  4 adder zombies (Ossuary)
  An adder skeleton (D:9)
  11 worms
  3 leopard geckos
  157 orcs
  A ball python (D:2)
  8 bats
  2 giant cockroaches
  3 gnoll zombies (Ossuary)
  9 goblins
  16 hobgoblins
  3 jackals (D:4)
  2 quokkas
  7 frilled lizards
  4 hobgoblin zombies (Ossuary)
  19 kobolds
  7 kobold zombies (Ossuary)
  6 orc zombies
  2 quokka skeletons
  6 rats
  A fire vortex (Swamp:4)
1656 creatures vanquished.

Vanquished Creatures (collateral kills)
  The ghost of Darkyelf the Severer, an adept CeAK of Lugonu (Elf:3)
  A deep elf blademaster (Elf:3)
  A deep elf master archer (Elf:3)
  2 vault wardens (Vaults:1)
  3 ironheart preservers (Vaults:1)
  A vault guard (Vaults:1)
  A rakshasa (Vaults:1)
  4 skeletal warriors (Vaults:1)
  A glowing orange brain (Vaults:1)
  An ironbrand convoker (Vaults:1)
  An orc knight (Vaults:1)
  3 ugly things (Vaults:1)
  A yaktaur (Vaults:1)
  A troll (Vaults:1)
  An orc (Vaults:1)
23 creatures vanquished.

Vanquished Creatures (others)
  A deep elf master archer (Elf:3)
  2 deep elf knights
  A swamp dragon (Swamp:4)
  A lindwurm (Swamp:4)
  A deep elf mage (Elf:2)
  A deep elf archer (Elf:3)
  A spiny frog (Swamp:4)
  6 swamp drakes (Swamp:4)
  A white imp (IceCv)
  3 ufetubi (IceCv)
  15 fungi
  3 pillars of salt (Vaults:1)
  35 plants
  A withered plant (D:9)
72 creatures vanquished.

Grand Total: 1751 creatures vanquished

Notes
Turn   | Place    | Note
-------+----------+-------------------------------------------
     0 | D:1      | Piramida the Minotaur Berserker began the quest for the Orb.
     0 | D:1      | Reached XP level 1. HP: 19/19 MP: 0/0
    10 | D:1      | Reached skill level 4 in Maces & Flails
   316 | D:1      | Reached XP level 2. HP: 22/26 MP: 1/1
  1052 | D:2      | Reached skill level 5 in Maces & Flails
  1053 | D:2      | Noticed Terence
  1059 | D:2      | Killed Terence
  1059 | D:2      | Reached XP level 3. HP: 31/31 MP: 2/2
  1255 | D:2      | Reached ** piety under Trog
  1781 | D:2      | Reached XP level 4. HP: 39/39 MP: 3/3
  1836 | D:3      | Reached skill level 6 in Maces & Flails
  1854 | D:3      | Noticed Ijyb
  1863 | D:3      | Killed Ijyb
  2061 | D:3      | Noticed Jessica
  2066 | D:3      | Killed Jessica
  2066 | D:3      | Reached skill level 7 in Maces & Flails
  2066 | D:3      | Reached XP level 5. HP: 45/45 MP: 4/4
  2124 | D:3      | Reached *** piety under Trog
  2980 | D:4      | Found Coacamm's Antique Armour Shop.
  3033 | D:4      | Reached skill level 8 in Maces & Flails
  3114 | D:4      | Reached XP level 6. HP: 50/51 MP: 5/5
  3142 | D:4      | Found a shadowy altar of Dithmenos.
  3434 | D:5      | Entered Level 5 of the Dungeon
  3451 | D:5      | Noticed Blork the orc
  3458 | D:5      | Killed Blork the orc
  3654 | D:5      | Reached skill level 9 in Maces & Flails
  3663 | D:5      | Found a staircase to the Ecumenical Temple.
  3803 | D:5      | Found a sacrificial altar of Ru.
  3946 | D:5      | Found Onwy's Distillery.
  4426 | D:6      | Noticed Linguinho's ghost (novice DsFi)
  4445 | D:6      | Killed Linguinho's ghost
  4445 | D:6      | Reached skill level 10 in Maces & Flails
  4445 | D:6      | Reached XP level 7. HP: 57/57 MP: 6/6
  4692 | D:6      | Reached skill level 11 in Maces & Flails
  4727 | D:6      | Reached **** piety under Trog
  4789 | D:6      | Reached XP level 8. HP: 61/64 MP: 7/7
  4924 | D:6      | Found a blossoming altar of Fedhas.
  4924 | D:6      | Found a glowing golden altar of the Shining One.
  5047 | D:6      | Reached skill level 12 in Maces & Flails
  5374 | D:7      | Found a sand-covered staircase.
  5388 | Ossuary  | Entered an ossuary
  6020 | D:7      | Reached skill level 13 in Maces & Flails
  6262 | D:7      | Found a basalt altar of Yredelemnul.
  6333 | D:7      | Reached XP level 9. HP: 40/70 MP: 8/8
  6604 | D:7      | Reached skill level 14 in Maces & Flails
  6868 | D:7      | Reached ***** piety under Trog
  6868 | D:7      | Reached skill level 15 in Maces & Flails
  7961 | D:8      | Found an ancient bone altar of Kikubaaqudgha.
  7962 | D:8      | Found a basalt altar of Yredelemnul.
  8164 | D:8      | Reached skill level 16 in Maces & Flails
  8399 | D:8      | Noticed StylePro's ghost (novice SpAs)
  8418 | D:8      | Killed StylePro's ghost
  8418 | D:8      | Reached XP level 10. HP: 78/78 MP: 9/9
  8652 | D:8      | Reached skill level 1 in Evocations
  8981 | D:8      | Found a deep blue altar of Sif Muna.
  8984 | D:8      | Found an iron altar of Okawaru.
  8991 | D:8      | Found a roughly hewn altar of Beogh.
  9589 | D:8      | Reached skill level 5 in Fighting
 10060 | D:9      | Noticed a two-headed ogre
 10097 | D:8      | Reached skill level 5 in Armour
 10431 | D:9      | Found a basalt altar of Yredelemnul.
 10764 | D:9      | Reached skill level 5 in Dodging
 10888 | D:9      | Noticed ghwc's ghost (novice MiBe)
 10916 | D:9      | Killed ghwc's ghost
 11004 | D:9      | Received a gift from Trog
 11010 | D:9      | Killed a two-headed ogre
 11010 | D:9      | Reached XP level 11. HP: 91/91 MP: 12/12
 11112 | D:9      | Found a staircase to the Lair.
 11845 | D:10     | Entered Level 10 of the Dungeon
 12001 | D:10     | Noticed a two-headed ogre
 12009 | D:10     | Killed a two-headed ogre
 12355 | D:10     | Noticed ThereIsNoGod's ghost (novice TrFi)
 12366 | D:10     | Killed ThereIsNoGod's ghost
 12622 | D:10     | Received a gift from Trog
 13730 | D:11     | Found Biczauj's Weapon Shop.
 13943 | D:11     | Found a staircase to the Orcish Mines.
 15319 | Orc:1    | Entered Level 1 of the Orcish Mines
 15428 | Orc:2    | Entered Level 2 of the Orcish Mines
 15497 | Orc:2    | Reached XP level 12. HP: 98/105 MP: 14/14
 16022 | Orc:1    | Found a roughly hewn altar of Beogh.
 16165 | Orc:1    | Found a runed door.
 16201 | Orc:1    | Reached ****** piety under Trog
 16985 | Orc:1    | Found a roughly hewn altar of Beogh.
 17505 | Orc:2    | Reached skill level 10 in Fighting
 17642 | Orc:2    | Received a gift from Trog
 17691 | Orc:2    | Noticed an orc high priest
 17699 | Orc:2    | Gained mutation: You are occasionally teleported next to monsters. [a neqoxec]
 17989 | Orc:1    | Noticed an ettin
 17996 | Orc:1    | Killed an ettin
 18218 | Orc:2    | Killed an orc high priest
 18278 | Orc:2    | Reached skill level 5 in Evocations
 18668 | Orc:2    | Noticed a two-headed ogre
 18680 | Orc:2    | Killed a two-headed ogre
 18680 | Orc:2    | Reached skill level 10 in Armour
 18921 | Orc:2    | Found a roughly hewn altar of Beogh.
 18921 | Orc:2    | Noticed an orc warlord
 19232 | Orc:1    | Killed an orc warlord
 19555 | Orc:2    | Noticed an orc high priest
 19557 | Orc:2    | Gained mutation: Scrolls take you a little longer to read. [a neqoxec]
 20033 | Orc:2    | Killed an orc high priest
 20222 | Orc:2    | Found Vinnarph's Antique Weapon Boutique.
 20222 | Orc:2    | Noticed an orc high priest
 20432 | Orc:1    | Reached skill level 10 in Dodging
 20811 | Orc:2    | Killed an orc high priest
 20815 | Orc:2    | Paralysed by an orc warrior for 7 turns
 20830 | Orc:2    | Paralysed by an orc warrior for 4 turns
 20857 | Orc:2    | Paralysed by an orc warrior for 3 turns
 20864 | Orc:2    | Paralysed by an orc warrior for 6 turns
 21113 | Orc:1    | Received a gift from Trog
 21656 | Orc:2    | Noticed an orc high priest
 21670 | Orc:2    | Killed an orc high priest
 22018 | Orc:2    | Noticed an orc high priest
 22495 | Orc:2    | Killed an orc high priest
 22495 | Orc:2    | Reached XP level 13. HP: 104/116 MP: 16/16
 22757 | Orc:2    | Found Ebluixub's Food Shoppe.
 22960 | Orc:2    | Found a staircase to the Elven Halls.
 23066 | Orc:2    | Found a roughly hewn altar of Beogh.
 23425 | Orc:2    | Found Dounkerr's Armour Emporium.
 23437 | Orc:2    | Reached skill level 1 in Shields
 23633 | Orc:2    | Found Ugo Taymno's Antique Armour Shoppe.
 23685 | Orc:2    | Bought a +3 plate armour of cold resistance for 630 gold pieces
 23685 | Orc:2    | Bought a +1 pair of gloves of archery for 231 gold pieces
 24203 | Orc:2    | Got a pitted steel ring
 24204 | Orc:2    | Identified the ring "Nudaem" {rPois MR+} (You found it on level 2 of the Orcish Mines)
 24587 | Orc:2    | Received a gift from Trog
 24901 | D:11     | Found Alossof's Antique Weapon Shop.
 25248 | D:11     | Found Wutho's Antique Weapon Emporium.
 25791 | D:12     | Reached skill level 5 in Shields
 26591 | D:13     | Received a gift from Trog
 27079 | D:13     | Reached XP level 14. HP: 114/127 MP: 17/17
 27105 | D:13     | Found a gate to the Vaults.
 28149 | D:14     | Found a labyrinth entrance.
 28164 | D:14     | Received a gift from Trog
 28537 | D:14     | Found a shattered altar of Ashenzari.
 29383 | D:15     | Entered Level 15 of the Dungeon
 29819 | D:15     | Reached skill level 17 in Maces & Flails
 29905 | D:15     | Found a staircase to the Depths.
 31060 | D:15     | Got a distressingly furry scale mail
 31063 | D:15     | Identified the cursed +1 scale mail of Sloth {Int+5} (You found it on level 15 of the Dungeon)
 31118 | D:15     | Reached skill level 10 in Shields
 31572 | Lair:1   | Entered Level 1 of the Lair of Beasts
 31728 | Lair:1   | Received a gift from Trog
 33645 | Lair:3   | Noticed Sonja
 33676 | Lair:3   | Reached XP level 15. HP: 113/137 MP: 18/18
 34126 | Lair:3   | Noticed Prince Ribbit
 34280 | Lair:3   | Killed Sonja
 34442 | Lair:3   | Noticed Fannar
 34458 | Lair:3   | Killed Fannar
 34526 | Lair:3   | Killed Prince Ribbit
 35309 | Lair:4   | Found a hole to the Spider Nest.
 35339 | Lair:4   | Found a staircase to the Swamp.
 35640 | Lair:4   | Identified a scroll of acquirement
 35640 | Lair:4   | Got a slimy turquoise ring
 35642 | Lair:4   | Identified the ring of Firoopp {*Corrode rC+ rN+ MP+9 Int+3} (You acquired it on level 4 of the Lair of Beasts)
 36533 | Lair:5   | Found a staircase to the Slime Pits.
 36713 | Lair:5   | Found a bloodstained altar of Trog.
 37251 | Lair:6   | Entered Level 6 of the Lair of Beasts
 37768 | Lair:6   | Received a gift from Trog
 37923 | Lair:6   | Reached skill level 18 in Maces & Flails
 38278 | Lair:6   | Found a runed door.
 40578 | Lair:4   | Received a gift from Trog
 40639 | Lair:4   | Reached XP level 16. HP: 147/147 MP: 19/19
 40879 | Swamp:1  | Entered Level 1 of the Swamp
 41331 | Swamp:1  | Noticed Roxanne
 41331 | Swamp:1  | Noticed a thorn hunter
 41349 | Swamp:1  | Killed a thorn hunter
 41392 | Swamp:1  | Killed Roxanne
 41482 | Swamp:1  | Reached skill level 15 in Fighting
 42321 | Swamp:2  | Noticed Frances
 42366 | Swamp:1  | Killed Frances
 42770 | Swamp:2  | Received a gift from Trog
 43135 | Swamp:3  | Reached skill level 15 in Armour
 43302 | Swamp:3  | Got a crystal hand axe
 43305 | Swamp:3  | Identified the +8 hand axe "Murmur" {elec, rElec rF- MR++ Dex+4} (You found it on level 3 of the Swamp)
 43320 | Swamp:3  | Reached skill level 1 in Axes
 44252 | Swamp:4  | Entered Level 4 of the Swamp
 45039 | Swamp:3  | Reached skill level 5 in Axes
 45043 | Swamp:3  | Received a gift from Trog
 45810 | Swamp:4  | Reached XP level 17. HP: 155/157 MP: 20/20
 47049 | Swamp:4  | Got a decaying rune of Zot
 47467 | Spider:1 | Entered Level 1 of the Spider Nest
 47503 | Spider:1 | Received a gift from Trog
 48813 | Spider:1 | Received a gift from Trog
 49016 | Spider:1 | Got a crude steel ring
 49021 | Spider:1 | Identified the ring "Gullaux" {rElec Str+5} (You acquired it on level 1 of the Spider Nest)
 49847 | Spider:2 | Noticed Arachne
 49863 | Spider:2 | Killed Arachne
 49863 | Spider:2 | Received a gift from Trog
 49866 | Spider:2 | Got a steaming morningstar {god gift}
 49867 | Spider:2 | Identified the +5 morningstar "Xaleig" {venom, +Fly Str+2 SInv} (Trog gifted it to you on level 2 of the Spider Nest)
 51376 | Spider:2 | Reached skill level 15 in Dodging
 52023 | Spider:3 | Got a wavering golden amulet
 52026 | Spider:3 | Identified the amulet "Noppo" {RegenMP *Slow Str+2 Dex+9} (You acquired it on level 3 of the Spider Nest)
 52472 | Spider:4 | Entered Level 4 of the Spider Nest
 52521 | Spider:4 | Received a gift from Trog
 52523 | Spider:4 | Reached XP level 18. HP: 168/168 MP: 21/21
 52887 | Spider:4 | Noticed Aizul
 52899 | Spider:4 | Killed Aizul
 53459 | Spider:4 | Got a gossamer rune of Zot
 53492 | Spider:4 | Reached skill level 19 in Maces & Flails
 54248 | Spider:4 | Received a gift from Trog
 54468 | Slime:1  | Entered Level 1 of the Pits of Slime
 54620 | Slime:1  | Gained mutation: Your flesh is cold resistant. (rC+) [a shining eye]
 54623 | Slime:1  | Gained mutation: You tend to lose your temper in combat. [a shining eye]
 55079 | Slime:2  | Reached skill level 15 in Shields
 55250 | Slime:2  | Gained mutation: You are dopey. (Int -2) [a shining eye]
 56331 | Vaults:1 | Entered Level 1 of the Vaults
 56571 | Elf:1    | Entered Level 1 of the Elven Halls
 56845 | Elf:1    | Noticed Donald
 56861 | Elf:1    | Killed Donald
 57077 | Elf:1    | Received a gift from Trog
 57469 | Elf:1    | Found a portal to a secret trove of treasure.
 57576 | Elf:1    | Noticed a Brimstone Fiend
 57799 | Elf:2    | Found a frozen archway.
 57818 | IceCv    | Entered an ice cave
 57976 | IceCv    | Reached XP level 19. HP: 165/177 MP: 22/22
 58081 | IceCv    | Received a gift from Trog
 59120 | Elf:2    | Found a runed gate.
 59415 | Elf:2    | Found a runed gate.
 59424 | Elf:2    | Found a runed gate.
 61403 | Elf:1    | Received a gift from Trog
 62944 | Elf:2    | Reached skill level 20 in Maces & Flails
 63489 | Elf:2    | Got a crystal scimitar
 63492 | Elf:2    | Identified the +3 scimitar "Kufaabel" {slice, +Rage MR+++ Dex+4} (You found it on level 2 of the Elven Halls)
 63545 | Elf:3    | Entered Level 3 of the Elven Halls
 64328 | Elf:3    | Noticed Darkyelf's ghost (adept CeAK)
 64347 | Elf:3    | Killed Darkyelf's ghost
 65758 | Elf:2    | Reached skill level 10 in Axes
 65762 | Elf:2    | Received a gift from Trog
 67113 | Elf:3    | Reached XP level 20. HP: 188/188 MP: 23/23
 67329 | Elf:3    | Received a gift from Trog
 67970 | Elf:3    | Got a fine marble ring
 67974 | Elf:3    | Identified the ring of Xom's Best Wishes {rPois Int+4 Stlth-} (You found it on level 3 of the Elven Halls)
 68706 | Vaults:1 | Found Suasant's Weapon Shoppe.
 69035 | Vaults:1 | Received a gift from Trog
 69712 | Vaults:1 | Lost intelligence.
 70002 | Vaults:1 | Noticed Saint Roka
 70041 | Vaults:1 | Killed Saint Roka
 70051 | Vaults:1 | Killed from afar by a fire dragon

Skill      XL: |  1  2  3  4  5  6  7  8  9 10 11 12 13 14 15 16 17 18 19 20 |
---------------+-------------------------------------------------------------+-----
Maces & Flails | 4 5 7 8 10 11 13 16 17 18 19 20 | 20.0
Fighting       | 4 6 9 11 12 13 14 15 16 17 18 | 18.7
Armour         | 3 6 9 11 12 13 14 15 16 17 18 | 18.6
Dodging        | 5 8 10 11 12 13 14 15 16 17 | 17.4
Evocations     | 3 4 5 6 |  6.0
Shields        | 7 10 11 13 14 15 16 17 | 17.1
Axes           | 5 9 10 12 | 12.1

Action                   |  1- 3 |  4- 6 |  7- 9 | 10-12 | 13-15 | 16-18 | 19-21 || total
-------------------------+-------+-------+-------+-------+-------+-------+-------++-------
Melee: Mace              |    35 |       |       |       |       |       |       ||    35
       Whip              |    48 |    86 |       |       |       |       |       ||   134
       Headbutt          |     8 |    23 |    71 |   260 |   386 |   577 |   314 ||  1639
       Club              |       |    31 |   379 |   766 |       |    30 |       ||  1206
       Demon whip        |       |       |       |   302 |  1524 |   404 |       ||  2230
       Hand axe          |       |       |       |       |       |   684 |   556 ||  1240
       Morningstar       |       |       |       |       |       |   742 |   334 ||  1076
Throw: Javelin           |       |       |       |    12 |    32 |    21 |     3 ||    68
Invok: Berserk           |     1 |     4 |     4 |    13 |    18 |     9 |     9 ||    58
       Burn Spellbooks   |     1 |       |     2 |     1 |     4 |     3 |     4 ||    15
       Trog's Hand       |       |       |     1 |       |     3 |     1 |     1 ||     6
       Brothers in Arms  |       |       |       |       |     1 |       |     5 ||     6
  Use: Scroll            |     5 |     3 |     9 |    13 |     9 |    15 |    10 ||    64
       Potion            |       |       |     1 |     9 |     1 |       |     9 ||    20
 Stab: Distracted        |       |       |       |     1 |     1 |     1 |     3 ||     6
       Petrified         |       |       |       |       |     2 |       |       ||     2
       Sleeping          |       |       |       |       |     1 |       |       ||     1
       Confused          |       |       |       |       |       |     2 |       ||     2
       Held in net/web   |       |       |       |       |       |     4 |       ||     4
  Eat: Chunk             |     3 |     7 |    11 |    79 |    77 |    38 |     8 ||   223
       Meat ration       |       |     1 |     1 |     1 |       |       |     1 ||     4
       Fruit             |       |       |       |       |       |    19 |     6 ||    25
       Royal jelly       |       |       |       |       |       |     1 |       ||     1
       Bread ration      |       |       |       |       |       |       |     8 ||     8
Armor: Leather armour    |    19 |       |       |       |       |       |       ||    19
       Chain mail        |     9 |    31 |    98 |    18 |       |       |       ||   156
       Plate armour      |       |       |       |   288 |   430 |   656 |     9 ||  1383
       Crystal plate arm |       |       |       |       |       |       |   365 ||   365
Dodge: Dodged            |    50 |    35 |   128 |   418 |   494 |   887 |   280 ||  2292
Block: Shield            |       |       |       |   150 |   587 |  1173 |   491 ||  2401
       Reflection        |       |       |       |       |       |    15 |    50 ||    65
